 Dungeon Crawl Stone Soup version 0.27.1-33-g824d729ab1 (webtiles) character file.

Game seed: 10910700328859333558

34 SensoryNuts the Skirmisher (level 3, -4/33 HPs)
             Began as a Draconian Monk on Dec 7, 2021.
             Was a Believer of Jiyva.
             Slain by a gnoll (5 damage)
             ... on level 3 of the Dungeon.
             The game lasted 00:01:56 (1903 turns).

SensoryNuts the Skirmisher (Draconian Monk)         Turns: 1903, Time: 00:01:57

Health: -4/33      AC:  5    Str: 12    XL:     3   Next: 14%
Magic:  2/3        EV: 13    Int: 11    God:    Jiyva [**....]
Gold:   47         SH:  0    Dex: 14    Spells: 2/2 levels left

rFire    . . .     SeeInvis .   a - +0 falchion
rCold    . . .     Faith    .   (no shield)
rNeg     . . .     Spirit   .   (armour unavailable)
rPois    .         Reflect  .   (helmet restricted)
rElec    .         Harm     .   (no cloak)
rCorr    .         Rampage  .   (no gloves)
Will     .....                  (no boots)
Stlth    ++........             (no amulet)
HPRegen  0.11/turn              (no ring)
MPRegen  0.08/turn              (no ring)

@: no status effects
A: AC +5, unfitting armour, cold-blooded
a: Renounce Religion, Request Jelly


You were on level 3 of the Dungeon.
You worshipped Jiyva.
Jiyva was pleased with you.
You visited 1 branch of the dungeon, and saw 3 of its levels.

You collected 47 gold pieces.

Inventory:

Hand Weapons
 a - a +0 falchion (weapon)
Scrolls
 c - a scroll of teleportation {unknown}
 d - a scroll of silence {unknown}
 f - a scroll of identify {unknown}
Potions
 b - a potion of flight {unknown}
 e - 2 potions of degeneration {unknown}


   Skills:
 + Level 3.6 Fighting
 + Level 3.4 Long Blades
 + Level 3.1 Dodging
 + Level 2.1 Stealth


You had 2 spell levels left.
You didn't know any spells.
Your spell library was empty.

Dungeon Overview and Level Annotations

Branches:
Dungeon (3/15)

Altars:
Jiyva


Innate Abilities, Weirdness & Mutations

Your plain brown scales are hard. (AC +5)
You cannot fit into any form of body armour.
You are cold-blooded and may be slowed by cold attacks.


Message History

There is a stone staircase leading down here.
There is a stone staircase leading down here.
You climb downwards.
Found a club.
There is a stone staircase leading up here.
Okay, then.
A gnoll comes into view. It is wielding a +0 spear.
The gnoll shouts!
You hear a shout!
A gnoll is nearby!
A gnoll is nearby!
You hear a distant slurping noise.
A gnoll comes into view. It is wielding a +0 flail.
The gnoll hits you from afar with a +0 spear!
You hear a distant slurping noise.
A gnoll comes into view. It is wielding a +0 club.
The gnoll shouts!
You hear a distant slurping noise.
A gnoll comes into view. It is wielding a +0 spear.
The gnoll hits you but does no damage.
The gnoll shouts! x2; You hear a distant slurping noise.
The gnoll barely misses you.
You hear a distant slurping noise.
The gnoll barely misses you.
You riposte.
You hit the gnoll but do no damage.
You hear a slurping noise.
You hear a distant slurping noise.
The gnoll hits you with a +0 spear.
You barely miss the gnoll. The gnoll misses you.
You hit the gnoll but do no damage. The gnoll hits you with a +0 spear!
You closely miss the gnoll. The gnoll hits you with a +0 spear.
You hit the gnoll but do no damage. The gnoll closely misses you.
The gnoll hits you with a +0 spear.
* * * LOW HITPOINT WARNING * * *
The gnoll hits you with a +0 club.
* * * LOW HITPOINT WARNING * * *
You hit the gnoll.
The gnoll is moderately wounded.
The gnoll closely misses you.
You riposte.
You hit the gnoll.
You tail-slap the gnoll, but do no damage.
The gnoll is lightly wounded.
The gnoll hits you but does no damage. The gnoll hits you with a +0 club.
You die...

## .# .# .#
######.#
#......##
#....g..#
#...gg#.#
#...g@#.###..
#............
#....J#......
#.....#####..
#.....#
#....<#
#.....#
#######


You could see 4 gnolls and a neutral jelly (wandering) (fellow slime).

Vanquished Creatures
  A worm (D:2)
  2 dart slugs
  A ball python (D:1)
  2 bats (D:1)
  2 endoplasms (D:1)
  5 goblins
  3 hobgoblins (D:1)
  3 kobolds
  A quokka (D:2)
  A frilled lizard (D:2)
  3 rats
24 creatures vanquished.

Vanquished Creatures (others)
  2 worms (D:2)
  An endoplasm (D:3)
  2 hobgoblins (D:2)
  A ball python (D:2)
  A bat (D:2)
  A rat (D:2)
  2 fungi (D:1)
  3 plants (D:1)
13 creatures vanquished.

Grand Total: 37 creatures vanquished

Notes
Turn   | Place    | Note
-------+----------+-------------------------------------------
     0 | D:1      | SensoryNuts the Draconian Monk began the quest for the Orb.
     0 | D:1      | Reached XP level 1. HP: 19/19 MP: 1/1
   274 | D:1      | Reached XP level 2. HP: 22/26 MP: 2/2
   689 | D:1      | Found a faded altar of an unknown god.
  1039 | D:1      | Became a worshipper of Jiyva Jalos the Shapeless
  1039 | D:1      | Reached * piety under Jiyva
  1039 | D:1      | Reached ** piety under Jiyva
  1227 | D:2      | Reached XP level 3. HP: 13/33 MP: 0/3
  1902 | D:3      | HP: 1/33 [gnoll (5)]
  1903 | D:3      | Slain by a gnoll

Illustrated notes

Levels and vault maps discovered:
D:1:      lightli_arrival_quake, layout_loops_corners,
          shapermc_ecumenical_altar_mp_urbaneastern
D:2:      layout_loops_ring
D:3:      layout_rooms, serial_glass, glass_columns_b, glass_columns_b,
          minivault_24, uniq_natasha, uniq_sigmund, uniq_grinder, uniq_jessica

Skill      XL: |  1  2 |
---------------+-------+-----
Dodging        | 3 |  3.1
Stealth        | 2 |  2.1
Fighting       | |  3.6
Long Blades    | |  3.4

Action                   || total
-------------------------++-------
Melee: Falchion          ||    62
       Tailslap          ||    10
Invok: Request Jelly     ||     4
 Stab: Sleeping          ||     7
Armor: Skin              ||    14
Dodge: Dodged            ||    22
       Rpst.: Falchion   ||    10
